 Dungeon Crawl Stone Soup version 0.21.1-1-g345015fe64 (webtiles) character file.

137204 Peloso the Peltast (level 16, -2/220 HPs)
             Began as a Minotaur Fighter on June 2, 2018.
             Was the Champion of Okawaru.
             Slain by a spark wasp (5 damage)
             ... on level 4 of the Spider Nest.
             The game lasted 01:41:45 (29836 turns).

Peloso the Peltast (Minotaur Fighter)              Turns: 29836, Time: 01:41:46

Health: -2/220     AC: 34    Str: 34    XL:     16   Next: 68%
Magic:  0/17       EV: 14    Int: 10    God:    Okawaru [******]
Gold:   632        SH: 23    Dex: 13    Spells: 15/15 levels left

rFire    . . .     SeeInvis .   P - +10 zealot's sword {holy, *Rage rN+ EV+3}
rCold    . . .     Gourm    .   c - +0 shield
rNeg     + . .     Faith    .   y - +3 plate armour {MR+}
rPois    +         Spirit   .   U - +0 hat {MR+}
rElec    +         Reflect  +   S - +0 cloak {rPois}
rCorr    .         Harm     .   M - +3 pair of gauntlets of War {Slay+5}
MR       ++++.     Rnd*Rage +   w - +2 pair of boots {run}
Stlth    ..........             R - +6 amulet of reflection
HPRegen  0.46/turn              Q - ring "Omiptabb" {+Blink rElec MR+ Str+4 Int+5}
MPRegen  0.15/turn              J - +5 ring of protection

@: berserking (expiring), very quick
A: retaliatory headbutt, horns 2, blurry vision 1
a: Heroism, Finesse, Renounce Religion, Evoke Blink


You were on level 4 of the Spider Nest.
You worshipped Okawaru.
Okawaru was exalted by your worship.
You were not hungry.

You visited 5 branches of the dungeon, and saw 26 of its levels.
You also visited: Labyrinth and Ice Cave.

You collected 2816 gold pieces.
You spent 2184 gold pieces at shops.

Inventory:

Hand Weapons
 a - the +4 long sword of Watchfulness {freeze, rF++ rC+}
   (Okawaru gifted it to you on level 1 of the Orcish Mines)

   It has been specially enchanted to freeze those struck by it, causing extra
   injury to most foes and up to half again as much damage against particularly
   susceptible opponents.
   It can also slow down cold-blooded creatures.
   It greatly protects you from fire.
   It protects you from cold.
 v - a +0 demon blade of electrocution
 G - a +1 scimitar of flaming
 I - a +1 scimitar of protection
 P - the +10 zealot's sword (weapon) {holy, *Rage rN+ EV+3}
   (You acquired it on level 2 of the Orcish Mines)

   It has been blessed by the Shining One to cause great damage to the undead
   and demons.
   It affects your evasion (+3).
   It protects you from negative energy.
   It may make you go berserk in combat.
Armour
 c - a +0 shield (worn)
 n - a +0 cloak
 w - a +2 pair of boots of running (worn)
 y - a +3 plate armour of magic resistance (worn)
 D - a +2 pair of boots
 M - the +3 pair of gauntlets of War (worn) {Slay+5}
   (You acquired it on level 2 of the Orcish Mines)

   It affects your accuracy and damage with ranged weapons and melee attacks
   (+5).
 S - a +0 cloak of poison resistance (worn)
 U - a +0 hat of magic resistance (worn)
 Z - a +0 pair of gloves
Jewellery
 A - an uncursed ring of poison resistance
 J - a +5 ring of protection (right hand)
 N - an uncursed amulet of rage
 Q - the ring "Omiptabb" (left hand) {+Blink rElec MR+ Str+4 Int+5}
   (You found it in a labyrinth)

   [ring of protection from magic]

   It affects your strength (+4).
   It affects your intelligence (+5).
   It insulates you from electricity.
   It affects your resistance to hostile enchantments.
   It lets you blink.
 R - a +6 amulet of reflection (around neck)
Wands
 i - a wand of iceblast (6)
 j - a wand of paralysis (15)
 u - a wand of digging (2)
 z - a wand of polymorph (13)
 B - a wand of acid (8)
Scrolls
 g - a scroll of enchant weapon
 h - 16 scrolls of remove curse
 m - 6 scrolls of identify
 o - a scroll of summoning
 q - 2 scrolls of blinking
 r - 6 scrolls of fog
 t - 5 scrolls of fear
 x - 2 scrolls of enchant armour
 C - a scroll of silence
 H - 9 scrolls of teleportation
 K - 2 scrolls of amnesia
 O - 4 scrolls of magic mapping
Potions
 b - a potion of mutation
 d - 2 potions of might
 e - 7 potions of resistance
 k - 2 potions of berserk rage
 l - 4 potions of agility
 s - 6 potions of flight
 E - 7 potions of heal wounds
 F - 3 potions of haste
 L - 3 potions of curing
Books
 p - a book of Fire

   Spells                             Type                      Level
   a - Ignite Poison                  Fire/Transmutation/Poison    3
   b - Fireball                       Conjuration/Fire             5
   c - Bolt of Fire                   Conjuration/Fire             6
   d - Ring of Flames                 Charms/Fire                  7
   e - Ignition                       Fire                         8
Comestibles
 f - 47 rations
 T - 3 chunks of flesh


   Skills:
 + Level 14.4 Fighting
   Level 11.0(13.7) Short Blades
 + Level 14.5(16.0) Long Blades
   Level 4.0 Maces & Flails
   Level 1.8 Polearms
 + Level 14.0 Armour
 + Level 5.6 Dodging
 + Level 1.8 Stealth
 + Level 20.7 Shields
 + Level 1.9 Invocations
 + Level 2.8 Evocations


You had 15 spell levels left.
You didn't know any spells.

Dungeon Overview and Level Annotations

Branches:
Dungeon (13/15)            Temple (1/1) D:6            Lair (6/6) D:11
  Swamp (0/4) Lair:4       Spider (4/4) Lair:4        Slime (0/5) Lair:5
    Orc (2/2) D:9             Elf (0/3) Orc:2
 Vaults: D:13-14

Altars:
Ashenzari
Cheibriados
Dithmenos
Gozag
Hepliaklqana
Makhleb
Nemelex Xobeh
Okawaru
Qazlal
Ru
Sif Muna
Uskayaw
Vehumet
Wu Jian
Yredelemnul
Zin
The Shining One
Beogh
Jiyva

Shops:
D:9 [   D:12 :(=[=   Orc:2 %}(?

Annotations:
Lair:1 exclusion: oklob plant


Innate Abilities, Weirdness & Mutations

You reflexively headbutt those who attack you in melee.
You have a pair of horns on your head.
Scrolls take you a little longer to read.


Message History

The emperor scorpion claws you but does no damage.
Unknown command.
You miss something. Something hits you!
* * * LOW HITPOINT WARNING * * *
Something hits you but does no damage.
Something stings you but does no damage.
The emperor scorpion closely misses you.
You riposte.
You closely miss the emperor scorpion.
You headbutt the emperor scorpion, but do no damage.
You block the emperor scorpion's attack.
The emperor scorpion claws you but does no damage.
You miss something. Your headbutt misses something.
Unknown command.
You closely miss the spark wasp. Your headbutt misses the spark wasp.
The spark wasp is severely wounded.
The emperor scorpion barely misses you. You furiously retaliate!
You headbutt the emperor scorpion!!
You block the emperor scorpion's attack. x2
The spark wasp stings you.
You die...

#### ###≈≈.#
###≈≈#######.....#####
#...≈≈≈#.≈.....≈^..≈≈#
##^.≈≈≈≈..≈##≈.##....≈
##.##†††≈###.≈## #≈.
###...†## #...# #....#
##[†#### ##≈.≈## #ss#..#
##..≈## #...##@..#
#..≈#####....{y..#
#^.≈#..##........+
###.≈≈≈≈.###########
#≈†.≈≈≈≈.####### ####
≈†††##..###≈.≈≈##≈≈≈###
....#####.≈.........^≈##
#≈.≈# ###...#..........#
≈..≈###≈..≈##≈...†##≈..#


You could see 2 emperor scorpions and a spark wasp.

Vanquished Creatures
  Asterion (Spider:2)
  Agnes (Spider:3)
  A frost giant (IceCv)
  3 ghost moths
  The ghost of dracomuter the Warrior, a journeyman TrCK of Xom (Lair:6)
  2 emperor scorpions
  A stone giant (D:12)
  An entropy weaver (Spider:3)
  A spark wasp (Spider:3)
  Josephine (D:10)
  A minotaur (Lab)
  The ghost of NoiZ the Protected, a journeyman MiFi of Okawaru (Lair:1)
  3 hydras
  A catoblepas (Lair:6)
  2 centaur warriors (D:12)
  3 two-headed ogres
  10 death yaks
  A deep troll shaman (Lair:6)
  5 orc high priests
  The ghost of Freyura the Blocker, a novice GnFi of Ashenzari (D:8)
  A flayed ghost (D:12)
  An unseen horror (D:7)
  The ghost of NoiZ the Shield-Bearer, a novice MiFi of Makhleb (D:7)
  A lindwurm (Lair:6)
  5 orc knights (Orc:2)
  29 wolf spiders
  A necromancer (Lair:5)
  14 orb spiders
  3 ugly things
  An orc sorcerer (Orc:2)
  A cyclops (Orc:1)
  A deep elf mage (D:12)
  4 moths of wrath
  A manticore (D:12)
  5 black mambas
  2 elephants (Lair:6)
  An ice statue (IceCv)
  3 torpor snails
  4 gargoyles (Lab)
  7 komodo dragons
  7 spiny frogs
  A centaur skeleton (D:10)
  3 kobold demonologists (D:12)
  An efreet (D:12)
  A freezing wraith (D:12)
  8 demonic crawlers
  A tengu conjurer (D:12)
  A queen bee (D:11)
  A wolf spider simulacrum (Lair:1)
  6 trolls
  9 hornets
  15 polar bears
  47 jumping spiders
  3 meliai (Spider:4)
  7 slime creatures
  5 blink frogs (Lair:1)
  9 hippogriffs
  A tyrant leech (Lair:4)
  A meliai zombie (D:12)
  21 tarantellas
  79 redbacks
  A dire elephant simulacrum (Lair:1)
  4 wraiths
  A spriggan (D:7)
  48 yaks
  A vampire (D:12)
  4 wyverns
  Eustachio (D:4)
  2 basilisks
  A steam dragon (D:7)
  Menkaure (D:7)
  3 hungry ghosts
  6 vampire mosquitoes
  2 swamp worms (Lair:4)
  2 acid dragons (D:11)
  13 water moccasins
  A soldier ant (D:12)
  2 wargs
  7 porcupines
  A hornet zombie (D:10)
  11 ice beasts
  23 orc warriors
  4 sky beasts
  A black bear (Lair:6)
  A necrophage (D:12)
  The ghost of deszczowiec the Sneak, an amateur GnAs (D:3)
  6 phantoms
  A black mamba simulacrum (Lair:1)
  5 centaurs
  9 ogres
  30 wolves
  12 crocodiles
  4 big kobolds
  19 bullfrogs
  5 gnoll sergeants
  A wyvern skeleton (D:7)
  2 troll zombies (D:9)
  3 scorpions
  19 killer bees
  2 electric eels
  4 crimson imps
  2 bullfrog zombies
  A komodo dragon simulacrum (Lair:1)
  10 hounds
  24 orc priests
  2 bullfrog skeletons
  3 gnoll shamans (D:10)
  Crazy Yiuf (D:6)
  3 jellies
  5 iguanas
  Natasha (D:4)
  14 orc wizards
  2 polar bear simulacra (Lair:5)
  5 worker ants
  2 yak simulacra (Lair:5)
  4 wolf simulacra (Lair:5)
  4 ogre zombies (D:9)
  3 hound skeletons
  A worker ant zombie (D:5)
  33 gnolls
  17 adders
  A crocodile simulacrum (Lair:1)
  3 shadow imps
  2 oozes
  3 adder skeletons
  4 worms
  2 dart slugs
  2 leopard geckos
  66 orcs
  6 bats
  8 giant cockroaches
  8 goblins
  7 hobgoblins
  13 jackals
  8 quokkas
  9 frilled lizards
  3 goblin skeletons (D:9)
  2 goblin zombies (D:9)
  A hobgoblin zombie (D:9)
  A jackal skeleton (D:4)
  22 kobolds
  An orc skeleton (D:9)
  12 orc zombies (D:9)
  7 rats
  3 river rat simulacra (Lair:5)
  A bush (Lair:1)
  A fungus (Lair:1)
951 creatures vanquished.

Vanquished Creatures (others)
  2 centaur warriors (D:13)
  An orb spider (Spider:3)
  2 polar bears (IceCv)
  A redback (Spider:1)
  A yak (IceCv)
  A centaur (D:13)
  5 kobolds
  5 fungi
  14 plants
32 creatures vanquished.

Grand Total: 983 creatures vanquished

Notes
Turn   | Place    | Note
-------+----------+-------------------------------------------
     0 | D:1      | Peloso the Minotaur Fighter began the quest for the Orb.
     0 | D:1      | Reached XP level 1. HP: 19/19 MP: 0/0
   121 | D:1      | Reached XP level 2. HP: 26/27 MP: 1/1
   664 | D:2      | Reached skill level 4 in Shields
   664 | D:2      | Reached XP level 3. HP: 33/33 MP: 2/2
   831 | D:2      | Reached XP level 4. HP: 12/40 MP: 3/3
  1106 | D:2      | Reached XP level 5. HP: 46/46 MP: 4/4
  1414 | D:3      | HP: 2/47 [poisoned by an adder]
  1422 | D:3      | HP: 2/47 [poisoned by an adder]
  1811 | D:3      | Reached skill level 5 in Long Blades
  1918 | D:3      | Found a hide-covered altar of Uskayaw.
  1947 | D:3      | Reached skill level 1 in Dodging
  1947 | D:3      | Reached skill level 5 in Shields
  1947 | D:3      | Reached XP level 6. HP: 50/53 MP: 5/5
  1957 | D:3      | Found a sacrificial altar of Ru.
  1980 | D:3      | Noticed deszczowiec's ghost (amateur GnAs)
  1983 | D:4      | Noticed Eustachio
  2029 | D:4      | Killed Eustachio
  2120 | D:4      | Reached skill level 5 in Fighting
  2186 | D:4      | Reached XP level 7. HP: 61/61 MP: 6/6
  2314 | D:4      | Got a transparent dagger
  2324 | D:4      | Identified the +9 dagger of Ruination {pierce, Int+6} (You found it on level 4 of the Dungeon)
  2344 | D:4      | Noticed Natasha
  2349 | D:4      | Killed Natasha
  2370 | D:4      | Reached skill level 6 in Shields
  2885 | D:5      | Entered Level 5 of the Dungeon
  2944 | D:5      | Reached skill level 5 in Armour
  2944 | D:5      | Reached XP level 8. HP: 58/70 MP: 7/7
  3142 | D:5      | Reached skill level 1 in Short Blades
  3946 | D:6      | Reached skill level 7 in Shields
  3986 | D:6      | Found a staircase to the Ecumenical Temple.
  3996 | Temple   | Entered the Ecumenical Temple
  4014 | Temple   | Became a worshipper of Warmaster Okawaru
  4176 | D:6      | Found a basalt altar of Yredelemnul.
  4255 | D:6      | Found a runed door.
  4264 | D:6      | Noticed Crazy Yiuf
  4271 | D:6      | Killed Crazy Yiuf
  4442 | D:3      | Killed deszczowiec's ghost
  4442 | D:3      | Reached skill level 1 in Stealth
  4841 | D:7      | Reached XP level 9. HP: 76/77 MP: 8/8
  4950 | D:7      | Noticed NoiZ's ghost (novice MiFi)
  4966 | D:7      | Killed NoiZ's ghost
  4966 | D:7      | Reached * piety under Okawaru
  4966 | D:7      | Reached skill level 8 in Shields
  5305 | D:7      | Reached skill level 5 in Short Blades
  5337 | D:7      | Killed an unseen horror
  5337 | D:7      | Reached ** piety under Okawaru
  5337 | D:7      | Reached skill level 9 in Shields
  5707 | D:7      | Noticed Menkaure
  5716 | D:7      | Killed Menkaure
  5726 | D:7      | Reached XP level 10. HP: 79/86 MP: 9/9
  5809 | D:7      | Found a shadowy altar of Dithmenos.
  6041 | D:8      | Reached skill level 1 in Evocations
  6051 | D:8      | Reached *** piety under Okawaru
  6150 | D:8      | Noticed Freyura's ghost (novice GnFi)
  6164 | D:8      | Killed Freyura's ghost
  6182 | D:8      | Reached skill level 10 in Shields
  6225 | D:8      | Noticed a two-headed ogre
  6238 | D:8      | Killed a two-headed ogre
  6238 | D:8      | Reached **** piety under Okawaru
  6439 | D:8      | Found a hazy altar of Hepliaklqana.
  6787 | D:9      | Found a sparkling altar of Nemelex Xobeh.
  6790 | D:9      | Found an opulent altar of Gozag.
  6793 | D:9      | Found a deep blue altar of Sif Muna.
  6796 | D:9      | Found a shattered altar of Ashenzari.
  6837 | D:9      | Found Jainkeibay's Armour Shoppe.
  6948 | D:9      | Reached XP level 11. HP: 58/94 MP: 11/11
  6978 | D:9      | Reached skill level 11 in Shields
  7221 | D:9      | Reached ***** piety under Okawaru
  7222 | D:9      | Found a staircase to the Orcish Mines.
  7645 | D:9      | Found an ornate altar of the Wu Jian Council.
  7814 | D:10     | Entered Level 10 of the Dungeon
  8083 | D:10     | Reached skill level 10 in Armour
  8133 | D:10     | Noticed Josephine
  8487 | D:10     | Killed Josephine
  8487 | D:10     | Reached skill level 12 in Shields
  8965 | D:10     | Received a gift from Okawaru
  9000 | D:10     | Got a polished ring mail
  9022 | D:10     | Identified the +0 ring mail "Qerilos" {*Drain rC+ MP+9} (You took it off a kobold on level 10 of the Dungeon)
  9463 | D:11     | Noticed a six-headed hydra
  9580 | D:12     | Found Willin Suuh's Weapon Shoppe.
  9702 | D:12     | Found Kuquurgha's Jewellery Shop.
 10177 | D:12     | Noticed a sun demon
 10216 | D:12     | Noticed a sun demon
 10269 | D:12     | Gained mutation: Scrolls take you a little longer to read. [a neqoxec]
 10416 | D:12     | Found Lam Lerchump's Book Boutique.
 10483 | D:12     | Reached skill level 10 in Short Blades
 10560 | D:12     | Found Ijecod Eghyp's Jewellery Boutique.
 10578 | D:12     | Reached XP level 12. HP: 105/105 MP: 12/12
 10705 | D:12     | Found Uronub's Armour Shoppe.
 10851 | D:12     | Noticed a four-headed hydra
 10856 | D:12     | Killed a four-headed hydra
 10856 | D:12     | Reached skill level 13 in Shields
 11118 | D:12     | Noticed a stone giant
 11130 | D:12     | Reached skill level 1 in Invocations
 11151 | D:12     | Killed a stone giant
 11151 | D:12     | Reached skill level 10 in Fighting
 11442 | D:12     | Noticed a centaur warrior
 11452 | D:12     | Killed a centaur warrior
 12049 | D:11     | Reached skill level 14 in Shields
 12080 | D:11     | Found a staircase to the Lair.
 12175 | D:11     | Killed a six-headed hydra
 12836 | Lair:1   | Entered Level 1 of the Lair of Beasts
 12932 | Lair:1   | Found a transporter.
 12932 | Lair:1   | Noticed NoiZ's ghost (journeyman MiFi)
 13009 | Lair:1   | Killed NoiZ's ghost
 13028 | Lair:1   | Reached XP level 13. HP: 103/115 MP: 13/13
 13585 | Lair:1   | Found a transporter.
 13931 | Lair:1   | Reached skill level 15 in Shields
 14064 | Lair:1   | Got an ichor-stained flail
 14076 | Lair:1   | Identified the +8 flail "Nyjaucann" {venom, +Rage rC+ rN+ Str+4} (You found it on level 1 of the Lair of Beasts)
 14165 | D:12     | Reached ****** piety under Okawaru
 14204 | D:12     | Received a gift from Okawaru
 14204 | D:12     | Reached skill level 1 in Maces & Flails
 15491 | D:13     | Found a hazy altar of Hepliaklqana.
 15563 | D:13     | Found a stormy altar of Qazlal.
 16015 | Lair:2   | Got a dazzling war axe
 16016 | Lair:2   | Identified the +9 war axe of Recklessness {pain, +Fly rC+ MP+9} (You found it on level 2 of the Lair of Beasts)
 16554 | Lair:3   | Found a labyrinth entrance.
 16588 | Lab      | Entered a labyrinth
 16939 | Lab      | Noticed a minotaur
 16947 | Lab      | Killed a minotaur
 16956 | Lab      | Found the +8 lance "Wyrmbane" {slay drac, rPois rF+ rC+ AC+3}
 16956 | Lab      | Got a smoking platinum ring
 16956 | Lab      | Got a vibrating copper ring
 16959 | Lab      | Identified the ring "Ceiwat" {*Corrode rC++ rN+ MP+9} (You found it in a labyrinth)
 17110 | Lair:3   | Reached skill level 1 in Polearms
 17696 | Lair:4   | Found a hole to the Spider Nest.
 17815 | Lair:4   | Reached skill level 10 in Long Blades
 18241 | Lair:4   | Received a gift from Okawaru
 18381 | Lair:4   | Found a staircase to the Swamp.
 18854 | Lair:5   | Reached skill level 16 in Shields
 19050 | Lair:5   | Reached XP level 14. HP: 125/125 MP: 14/14
 19200 | Lair:5   | Found a viscous altar of Jiyva.
 19200 | Lair:5   | Found a staircase to the Slime Pits.
 19522 | Lair:1   | Identified the ring "Omiptabb" {+Blink rElec MR+ Str+4 Int+5} (You found it in a labyrinth)
 19682 | Orc:1    | Entered Level 1 of the Orcish Mines
 19725 | Orc:1    | Received a gift from Okawaru
 20437 | Orc:2    | Entered Level 2 of the Orcish Mines
 20437 | Orc:2    | Found a frozen archway.
 20465 | IceCv    | Entered an ice cave
 21484 | IceCv    | Noticed a frost giant
 21528 | IceCv    | Killed a frost giant
 22350 | Orc:2    | Reached skill level 17 in Shields
 22457 | Orc:2    | Found a roughly hewn altar of Beogh.
 22985 | Orc:2    | Found a staircase to the Elven Halls.
 23381 | Orc:1    | Received a gift from Okawaru
 23387 | Orc:1    | Got a brightly glowing long sword {god gift}
 23388 | Orc:1    | Identified the +4 long sword of Watchfulness {freeze, rF++ rC+} (Okawaru gifted it to you on level 1 of the Orcish Mines)
 23762 | Orc:2    | Found Caug's Food Shop.
 23763 | Orc:2    | Found Kubress's Antique Weapon Shop.
 23763 | Orc:2    | Found Pegab's Gadget Boutique.
 23764 | Orc:2    | Found Datz's Magic Scroll Shop.
 23778 | Orc:2    | Bought 3 scrolls of acquirement for 2184 gold pieces
 23786 | Orc:2    | Found the +10 zealot's sword {holy, *Rage rN+ EV+3}
 23794 | Orc:2    | Found the +3 pair of gauntlets of War {Slay+5}
 24257 | Lair:6   | Entered Level 6 of the Lair of Beasts
 24395 | Lair:6   | Noticed dracomuter's ghost (journeyman TrCK)
 24403 | Lair:6   | Killed dracomuter's ghost
 24484 | Lair:6   | Received a gift from Okawaru
 24833 | Lair:6   | Reached XP level 15. HP: 132/134 MP: 15/15
 24853 | Lair:6   | Reached skill level 18 in Shields
 25441 | Spider:1 | Entered Level 1 of the Spider Nest
 25462 | Spider:1 | Reached skill level 5 in Dodging
 26078 | Spider:1 | Received a gift from Okawaru
 26801 | Spider:2 | Noticed Asterion
 26812 | Spider:2 | Killed Asterion
 26812 | Spider:2 | Reached skill level 19 in Shields
 27024 | Spider:2 | Identified a +2 pair of boots of running (You acquired it on level 2 of the Spider Nest)
 27930 | Spider:3 | Received a gift from Okawaru
 27930 | Spider:3 | Reached XP level 16. HP: 130/144 MP: 0/17
 28434 | Spider:3 | Noticed Agnes
 28446 | Spider:3 | Killed Agnes
 28489 | Spider:3 | Reached skill level 20 in Shields
 28842 | Spider:3 | Received a gift from Okawaru
 28890 | Spider:4 | Entered Level 4 of the Spider Nest
 29800 | Spider:4 | Received a gift from Okawaru
 29834 | Spider:4 | HP: 3/220 [something (11)]
 29836 | Spider:4 | Slain by a spark wasp

Skill      XL: |  1  2  3  4  5  6  7  8  9 10 11 12 13 14 15 16 |
---------------+-------------------------------------------------+-----
Armour         | 4 5 6 8 9 10 11 12 13 14 | 14.0
Fighting       | 4 5 6 7 8 9 10 11 12 13 14 | 14.4
Long Blades    | 3 4 5 6 7 8 10 12 13 14 | 14.5
Shields        | 4 5 6 7 9 10 12 14 16 17 19 20 | 20.7
Dodging        | 1 2 3 4 5 |  5.6
Short Blades   | 3 6 8 10 11 | 11.0
Stealth        | 1 |  1.8
Evocations     | 1 2 |  2.8
Invocations    | 1 |  1.9
Maces & Flails | 4 |  4.0
Polearms       | 1 |  1.8

Action                   |  1- 3 |  4- 6 |  7- 9 | 10-12 | 13-15 | 16-18 || total
-------------------------+-------+-------+-------+-------+-------+-------++-------
Melee: Long sword        |    75 |   159 |    24 |       |    82 |       ||   340
       Headbutt          |     9 |    33 |    57 |   250 |   431 |    78 ||   858
       Dagger            |       |       |   249 |  1079 |    70 |       ||  1398
       Scimitar          |       |       |       |       |   927 |       ||   927
       Flail             |       |       |       |       |    32 |       ||    32
       Lance             |       |       |       |       |    21 |       ||    21
       Eudemon blade     |       |       |       |       |   377 |   276 ||   653
Invok: Heroism           |       |       |     1 |    11 |     9 |       ||    21
Evoke: Wand              |       |       |     2 |     9 |     9 |       ||    20
  Use: Scroll            |       |       |     2 |    20 |    14 |     2 ||    38
       Potion            |       |       |       |     3 |     1 |     1 ||     5
  Eat: Chunk             |       |     5 |     7 |    20 |    38 |     4 ||    74
       Ration            |       |       |     1 |     2 |     3 |     1 ||     7
Armor: Scale mail        |    25 |       |       |       |       |       ||    25
       Chain mail        |    18 |    50 |       |   150 |   309 |       ||   527
       Plate armour      |       |    37 |   102 |   220 |   245 |   214 ||   818
Dodge: Dodged            |    17 |    23 |    26 |   182 |   466 |   178 ||   892
       Deflected         |       |       |       |       |     2 |       ||     2
Block: Shield            |    45 |   106 |   120 |   671 |  1585 |   436 ||  2963
       Reflection        |     1 |     3 |     9 |    31 |    38 |       ||    82
       Rpst.: Long sword |     6 |     5 |     1 |       |     2 |       ||    14
       Scimitar          |       |       |       |       |    66 |       ||    66
       Eudemon blade     |       |       |       |       |    31 |    24 ||    55
